 Dungeon Crawl Stone Soup version 0.26.0-10-g1f06aea511 (webtiles) character file.

Game seed: 14848119840358185500

58 Goblin1989 the Cudgeller (level 3, 0/27 HPs)
             Began as a Demonspawn Wanderer on Feb 2, 2021.
             Was an Initiate of Trog.
             Slain by Natasha (2 damage)
             ... on level 2 of the Dungeon.
             The game lasted 00:02:24 (2629 turns).

Goblin1989 the Cudgeller (Demonspawn Wanderer)      Turns: 2629, Time: 00:02:24

Health: 0/27       AC:  2    Str: 13    XL:     3   Next: 76%
Magic:  4/4        EV: 11    Int:  9    God:    Trog [......]
Gold:   209        SH:  4    Dex: 16    Spells: 4/4 levels left

rFire    + . .     SeeInvis .   V - +0 mace
rCold    . . .     Faith    .   (no shield)
rNeg     . . .     Spirit   .   d - +0 robe
rPois    .         Reflect  .   (no helmet)
rElec    .         Harm     .   (no cloak)
rCorr    .         Rampage  .   (no gloves)
Will     .....                  (no boots)
Stlth    ++........             (no amulet)
HPRegen  0.09/turn              (no ring)
MPRegen  0.09/turn              (no ring)

@: no status effects
A: large bone plates 1, fire resistance 1
a: Renounce Religion


You were on level 2 of the Dungeon.
You worshipped Trog.
Trog was noncommittal.
You visited 1 branch of the dungeon, and saw 2 of its levels.

You collected 209 gold pieces.

Inventory:

Hand Weapons
 a - a +0 dagger
 V - a +0 mace (weapon)
Missiles
 W - 23 stones (quivered) {@Q3}
Armour
 d - a +0 robe (worn)
Jewellery
 S - a +4 ring of evasion {unknown}
Scrolls
 P - a scroll of amnesia {unknown}
 T - 5 scrolls of teleportation {!r, @r2}
 U - a scroll of identify {unknown}
 X - a scroll of immolation {unknown}
 Z - a scroll of random uselessness {unknown}
Potions
 Q - a potion of brilliance {unknown}
 R - a potion of attraction {unknown}
 Y - 2 potions of resistance {unknown}


   Skills:
 - Level 2.0 Fighting
 + Level 3.4 Maces & Flails
 - Level 1.0 Stealth
 - Level 1.0 Spellcasting
 - Level 2.6 Transmutations
 - Level 1.0 Earth Magic
 - Level 1.0 Evocations


You had 4 spell levels left.
You didn't know any spells.
Your spell library contained the following spells:

 Spells                   Type           Power        Failure   Level
 Sandblast                Erth           4%           24%         1
 Passwall                 Tmut/Erth      2%           26%         2
 Freeze                   Ice            0%           36%         1
 Stone Arrow              Conj/Erth      2%           65%         3
 Ozocubu's Armour         Ice            0%           73%         3
 Petrify                  Tmut/Erth      3%           86%         4
 Lee's Rapid Deconstruct  Erth           1%           100%        5


Dungeon Overview and Level Annotations

Branches:
Dungeon (2/15)

Altars:
Trog

Annotations:
D:2 Natasha


Innate Abilities, Weirdness & Mutations

You are partially covered in large bone plates. (SH +4)
Your flesh is heat resistant. (rF+)


Message History

You hit the rat but do no damage. The rat bites you.
* * * LOW HITPOINT WARNING * * *
You take 3 damage, and have 11/27 hp.
You hit the rat.
The rat is moderately wounded.
The rat bites you.
* * * LOW HITPOINT WARNING * * *
You take 2 damage, and have 9/27 hp.
You barely miss the rat.
The rat is moderately wounded.
You feel sick. The rat completely misses you. The rat closely misses you.
You hit the rat.
The rat is severely wounded.
You block the rat's attack.
You closely miss the rat.
The rat is severely wounded.
The rat bites you.
* * * LOW HITPOINT WARNING * * *
You take 1 damage, and have 8/27 hp.
You closely miss the rat.
The rat is severely wounded.
You feel sick. You block the rat's attack.
You take 1 damage, and have 7/27 hp.
You hit the rat.
You kill the rat!
Trog accepts your kill.
You feel sick.
You take 1 damage, and have 6/27 hp.
You start resting.
You feel sick.
You are no longer poisoned.
You start resting.
HP restored.
Health restored: 27
P - a scroll labelled XESHESTR SANEMUAS
Found a stone staircase leading up.
W - 23 stones {@Q3} (gained 20) Natasha, Servant of Life and Death comes into view.
Found 18 gold pieces.
Natasha hisses angrily.
Natasha casts a spell at you. You resist with significant effort.
Natasha claws you.
You take 5 damage, and have 22/27 hp.
You hit Natasha.
Natasha is moderately wounded.
Natasha claws you!
You take 7 damage, and have 15/27 hp.
MASSIVE DAMAGE!!
You are too injured to fight recklessly!
You are too injured to fight recklessly!
You are too injured to fight recklessly!
You are too injured to fight recklessly!
You are too injured to fight recklessly!
You are too injured to fight recklessly!
You are too injured to fight recklessly!
You are too injured to fight recklessly!
You are too injured to fight recklessly!
You are too injured to fight recklessly!
You are too injured to fight recklessly!
You are too injured to fight recklessly!
You are too injured to fight recklessly!
You are too injured to fight recklessly!
You are too injured to fight recklessly!
You are too injured to fight recklessly!
You are too injured to fight recklessly!
You are too injured to fight recklessly!
You are too injured to fight recklessly!
You are too injured to fight recklessly!
You are too injured to fight recklessly!
You are too injured to fight recklessly!
You are too injured to fight recklessly!
You hit Natasha.
Natasha is severely wounded.
Natasha mumbles some strange words.
You hit Natasha.
Natasha is severely wounded.
Natasha extends her claws.
Natasha claws you.
* * * LOW HITPOINT WARNING * * *
The crimson imp barely misses you.
You take 5 damage, and have 10/27 hp.
You closely miss Natasha.
Natasha is severely wounded.
Natasha barely misses you.
The crimson imp blinks!
Natasha stares at you and mumbles some strange words.
You resist with significant effort.
You hit Natasha.
Natasha is severely wounded.
Natasha claws you.
* * * LOW HITPOINT WARNING * * *
You take 3 damage, and have 7/27 hp.
You barely miss Natasha.
Natasha is severely wounded.
Natasha claws you.
* * * LOW HITPOINT WARNING * * *
You take 5 damage, and have 2/27 hp.
You closely miss Natasha.
Natasha is severely wounded.
Natasha claws you.
You die... ██ ████ █$ ... █.█.. █ ...█.███. █h....... █@█ █5█ █ █.█ . █.█. █ █.█.██ ███████

█.█..█ .█ █.....█..
█.██.█ .█
█.███.█.████████.██.██.██
█.█
█.█.................███


You could see Natasha and a crimson imp (summoned).

Vanquished Creatures
  2 adders (D:2)
  A worm (D:2)
  2 dart slugs (D:1)
  A leopard gecko (D:1)
  2 ball pythons
  2 giant cockroaches (D:1)
  3 hobgoblins (D:1)
  3 jackals (D:1)
  2 kobolds (D:1)
  3 bats (D:1)
  3 frilled lizards (D:1)
  4 goblins
  6 rats
34 creatures vanquished.

Vanquished Creatures (others)
  5 toadstools (D:1)
5 creatures vanquished.

Grand Total: 39 creatures vanquished

Notes
Turn   | Place    | Note
-------+----------+-------------------------------------------
     0 | D:1      | Goblin1989 the Demonspawn Wanderer began the quest for the
                  | Orb.
     0 | D:1      | Goblin1989 set off with the following items: a +0 dagger, a
                  | +0 robe, a scroll of teleportation; and the following
                  | spells available to memorise: Sandblast, Passwall, Freeze,
                  | Stone Arrow, Ozocubu's Armour, Petrify, Lee's Rapid
                  | Deconstruction
     0 | D:1      | Reached XP level 1. HP: 16/16 MP: 2/2
   306 | D:1      | Reached skill level 2 in Maces & Flails
   306 | D:1      | Gained mutation: You are partially covered in large bone
                  | plates. (SH +4) [demonic ancestry]
   306 | D:1      | Reached XP level 2. HP: 15/22 MP: 3/3
   418 | D:1      | HP: 1/22 [dart slug/slug dart (6)]
  1378 | D:1      | Gained mutation: Your flesh is heat resistant. (rF+)
                  | [demonic ancestry]
  1378 | D:1      | Reached XP level 3. HP: 25/27 MP: 4/4
  1801 | D:2      | Reached skill level 3 in Maces & Flails
  1962 | D:2      | Found a bloodstained altar of Trog.
  2019 | D:2      | Became a worshipper of Trog the Wrathful
  2618 | D:2      | Noticed Natasha
  2629 | D:2      | Slain by Natasha

Illustrated notes

Levels and vault maps discovered:
D:1:      lemuel_arrival_tunnels, layout_basic, minmay_gold_behind_fungi,
          kennysheep_crisscross, minmay_3d_cube
D:2:      layout_loops_ring, lemuel_round_altar,
          nemelex_xobeh_ov_fountains_minmay, uniq_natasha

Skill      XL: |  1  2  3 |
---------------+----------+-----
Maces & Flails | 2 3 |  3.4
Fighting       | |  2.0
Stealth        | |  1.0
Spellcasting   | |  1.0
Transmutations | |  2.6
Earth Magic    | |  1.0
Evocations     | |  1.0

Action                   || total
-------------------------++-------
Melee: Dagger            ||    40
       Mace              ||    94
 Stab: Sleeping          ||     4
       Distracted        ||     1
Armor: Robe              ||    23
Dodge: Dodged            ||    62
Block: Other             ||    22
